 Dungeon Crawl Stone Soup version 0.29-a0-716-gf28ee254f9 (webtiles) character file.

Game seed: 17828988562434487704

1704 Haaias the Poker (level 8, -4/105 HPs)
             Began as a Minotaur Berserker on June 26, 2022.
             Was an Elder of Trog.
             Slain by an ice beast (9 damage)
             ... on level 5 of the Dungeon.
             The game lasted 00:08:24 (5970 turns).

Haaias the Poker (Minotaur Berserker)               Turns: 5970, Time: 00:08:30

Health: -4/105     AC: 15    Str: 25    XL:     8   Next: 73%
Magic:  7/7        EV:  8    Int:  4    God:    Trog [****..]
Gold:   245        SH:  0    Dex:  9    Spells: 7/7 levels left

rFire   + . .      SeeInvis .   r - +0 scythe (venom)
rCold   . . .      Faith    .   (shield currently unavailable)
rNeg    . . .      Spirit   .   q - +0 plate armour
rPois   .          Reflect  .   (helmet restricted)
rElec   .          Harm     .   w - +0 cloak
rCorr   .          Rampage  .   j - +0 pair of gloves
Will    .....                   (no boots)
Stlth   ..........              (no amulet)
HPRegen 0.27/turn               k - ring of protection from fire
MPRegen 0.10/turn               (no ring)

@: berserking (expiring), very quick
A: horns 2, retaliatory headbutt
a: Renounce Religion, Berserk, Trog's Hand, Brothers in Arms


You were on level 5 of the Dungeon.
You worshipped Trog.
Trog was greatly pleased with you.
You visited 1 branch of the dungeon, and saw 5 of its levels.

You collected 245 gold pieces.

Inventory:

Hand Weapons
 a - a +0 hand axe
 r - a +0 scythe of venom (weapon)
 s - a +2 spear of venom
 v - a +1 war axe of distortion
 x - a +2 dire flail of holy wrath
Missiles
 g - 5 boomerangs (quivered)
 B - 2 javelins
Armour
 b - a +0 animal skin
 j - a +0 pair of gloves (worn)
 q - a +0 plate armour (worn)
 w - a +0 cloak (worn)
 C - the +4 robe of Folly {Brilliance Will-∞ Int+8}
   (You found it on level 4 of the Dungeon)

   It increases the power of your magical spells.
   It halves the magic cost of your spells (rounding up).
   It reduces your willpower to zero.
   Int:       It affects your intelligence (+8).
Jewellery
 k - a ring of protection from fire (left hand)
 o - a ring of fire
 u - a ring of fire
Wands
 y - a wand of flame (25)
 A - a wand of mindburst (13)
Scrolls
 f - 2 scrolls of identify
 i - 2 scrolls of fog
 m - a scroll of immolation
 n - a scroll of blinking
 D - a scroll of teleportation {unknown}
 E - a scroll of noise {unknown}
Potions
 c - 6 potions of curing
 d - a potion of magic {unknown}
 e - a potion of invisibility {unknown}
 h - a potion of berserk rage {unknown}
 l - 3 potions of brilliance {unknown}
 p - 3 potions of attraction {unknown}
 t - a potion of flight {unknown}
 z - a potion of resistance


   Skills:
 + Level 6.3 Fighting
 + Level 7.3(9.1) Axes
 - Level 3.5(5.9) Maces & Flails
 * Level 7.4(8.8) Polearms
 + Level 1.0 Throwing
 + Level 5.7 Armour
 + Level 3.1 Dodging
 + Level 0.9 Stealth


You had 7 spell levels left.
You didn't know any spells.
Your spell library contained the following spells:

 Spells                   Type           Power      Damage    Failure   Level
 Sublimation of Blood     Necr           0%         N/A       100%        2
 Petrify                  Tmut/Erth      0%         N/A       100%        4
 Irradiate                Conj/Tmut      0%         3d13      100%        5


Dungeon Overview and Level Annotations

Branches:
Dungeon (5/15)
 Temple: D:4-7

Altars:
Dithmenos
Elyvilon
Fedhas
Hepliaklqana
Makhleb
Okawaru
Sif Muna
Xom

Shops:
D:1 !=

Annotations:
D:5 1 runed translucent door


Innate Abilities, Weirdness & Mutations

You have a pair of horns on your head.
You reflexively headbutt those who attack you in melee.


Message History

a +0 whip; a scorpion corpse You hit the water moccasin.
The water moccasin is heavily wounded.
You feel sick.
The water moccasin bites you but does no damage.
The ice beast hits you but does no damage.
The iguana bites you.
You closely miss the water moccasin.
The water moccasin is heavily wounded.
You feel sick.
The water moccasin bites you but does no damage. x2
The ice beast hits you. The ice beast freezes you!
* * * LOW HITPOINT WARNING * * *
The iguana bites you.
* * * LOW HITPOINT WARNING * * *
You completely miss the water moccasin.
The water moccasin is heavily wounded.
You feel sick. The water moccasin barely misses you.
You closely miss the water moccasin. You headbutt the water moccasin!
You kill the water moccasin!
Trog accepts your kill.
You feel sick.
The ice beast hits you but does no damage.
The iguana closely misses you.
You closely miss the orc.
The ice beast hits you but does no damage.
The iguana barely misses you. You furiously retaliate!
You headbutt the iguana! The orc hits you but does no damage.
You closely miss the orc. You headbutt the orc!
You kill the orc!
Trog accepts your kill.
You feel sick.
Found 13 gold pieces.
You feel sick.
You are no longer poisoned.
The iguana bites you!
* * * LOW HITPOINT WARNING * * *
The ice beast hits you.
* * * LOW HITPOINT WARNING * * *
The ice beast freezes you!
You die...

# .##.#.###.#
.#...#.###..........##.#
...$....$#.#..##.#..#>.†
.#...#.###..........#..†
.##.##.........#......##
........#.#.#..#........
..#.#...............#...
#.#?#.#l#.#.##.##..##.#.
..###..@)...............
#.....#Y.......##.......
##.#. #.#.#.#####.##+##.
#.. #.#.#.#####)#≈≈≈##
## #.#.#.....).#≈≈≈#
#.#...#####.#≈≈≈#
#.#...# #.#≈≈≈# ..##..#
#.#≈(≈## ## #..#
#.#≈≈≈#.


You could see an ice beast and an iguana.

Vanquished Creatures
  The ghost of ouz the Artisan of Death, a novice VSNe of Kikubaaqudgha (D:5)
  Grinder (D:3)
  Sigmund (D:3)
  Eustachio (D:4)
  Edmund (D:4)
  A water moccasin (D:5)
  A black bear (D:4)
  An ogre (D:4)
  A scorpion (D:5)
  A howler monkey (D:4)
  3 hounds
  5 orc priests
  An iguana (D:4)
  An orc wizard (D:3)
  5 gnolls
  A river rat (D:5)
  5 adders
  A worm (D:2)
  3 dart slugs
  17 orcs
  7 bats
  8 endoplasms
  3 giant cockroaches
  9 hobgoblins
  2 jackals (D:5)
  10 kobolds
  4 quokkas
  13 ball pythons
  9 frilled lizards
  6 goblins
  9 rats
132 creatures vanquished.

Vanquished Creatures (others)
  11 fungi (D:1)
  9 plants (D:1)
  10 withered plants (D:1)
30 creatures vanquished.

Grand Total: 162 creatures vanquished

Notes
Turn   | Place    | Note
-------+----------+-------------------------------------------
     0 | D:1      | Haaias the Minotaur Berserker began the quest for the Orb.
     0 | D:1      | Reached XP level 1. HP: 19/19 MP: 0/0
   192 | D:1      | Found a faded altar of an unknown god.
   394 | D:1      | Reached XP level 2. HP: 25/27 MP: 1/1
   828 | D:1      | Found Iwou's Jewellery Shoppe.
   895 | D:1      | Found Irpheed's Distillery.
   911 | D:1      | Reached XP level 3. HP: 23/33 MP: 2/2
  1307 | D:1      | Reached ** piety under Trog
  1716 | D:2      | Reached skill level 1 in Maces & Flails
  2370 | D:3      | Reached XP level 4. HP: 33/40 MP: 3/3
  2389 | D:3      | Reached skill level 5 in Axes
  2402 | D:3      | Reached XP level 5. HP: 25/47 MP: 4/4
  2611 | D:3      | Noticed Grinder
  2628 | D:3      | Killed Grinder
  2629 | D:3      | Reached XP level 6. HP: 15/55 MP: 5/5
  3208 | D:3      | Reached *** piety under Trog
  3209 | D:3      | Reached skill level 5 in Fighting
  3256 | D:3      | Noticed Sigmund
  3277 | D:3      | Killed Sigmund
  3278 | D:3      | Reached XP level 7. HP: 13/61 MP: 6/6
  3796 | D:3      | Found a blossoming altar of Fedhas.
  3899 | D:3      | Reached skill level 1 in Polearms
  4134 | D:3      | Found a hazy altar of Hepliaklqana.
  4501 | D:4      | Found a shimmering altar of Xom.
  4515 | D:4      | Found a shimmering blue altar of Sif Muna.
  4641 | D:4      | Noticed Edmund
  4653 | D:4      | Killed Edmund
  4871 | D:4      | Reached XP level 8. HP: 34/70 MP: 7/7
  5175 | D:4      | Found a white marble altar of Elyvilon.
  5261 | D:4      | Noticed Eustachio
  5285 | D:4      | Killed Eustachio
  5286 | D:4      | Reached skill level 5 in Polearms
  5419 | D:4      | Found the +4 robe of Folly {Brilliance Will-∞ Int+8}
  5450 | D:4      | Found a burning altar of Makhleb.
  5453 | D:4      | Reached skill level 5 in Armour
  5528 | D:4      | Found an iron altar of Okawaru.
  5758 | D:5      | Entered Level 5 of the Dungeon
  5765 | D:5      | Found a runed translucent door.
  5770 | D:5      | Noticed ouz's ghost (novice VSNe)
  5796 | D:5      | Killed ouz's ghost
  5797 | D:5      | Reached skill level 1 in Throwing
  5830 | D:5      | Found a shadowy altar of Dithmenos.
  5925 | D:5      | Found a runed translucent door.
  5949 | D:5      | Reached **** piety under Trog
  5970 | D:5      | HP: 5/105 [ice beast (3)]
  5970 | D:5      | Slain by an ice beast

Illustrated notes

Levels and vault maps discovered:
D:1:      scummos_arrival_checkerplants, layout_loops_ring, serial_shops,
          nicolae_shop_temple_entry_statues_fountains, shop_statue,
          shapermc_ecumenical_altar_flowoftime
D:2:      minmay_recursive_quarters, layout_loops_ring,
          nicolae_figureground_sparkle
D:3:      layout_loops_corners, general_overflow_altar,
          nzn_hepliaklqana_mist_gate, minmay_between, uniq_sigmund, uniq_grinder
D:4:      layout_basic, okawaru_altar_gauntlet_db, makhleb_heckhound_becter,
          elyvilon_altar_5, mainiacjoe_overflow_big_doors, serial_curves,
          eino_curves_04, eino_curves_02, eino_curves_02, uniq_edmund,
          uniq_eustachio
D:5:      layout_basic, grunt_dithmenos_smoke_and_mirrors,
          ebering_ghost_sewer_f, serial_shops, nicolae_shop_hallway_plus,
          minmay_fractal_squares_5

Skill      XL: |  1  2  3  4  5  6  7  8 |
---------------+-------------------------+-----
Axes           | 4 5 6 7 |  7.3
Fighting       | 4 5 6 |  6.3
Maces & Flails | 1 2 3 |  3.5
Armour         | 3 4 5 |  5.7
Dodging        | 3 |  3.1
Polearms       | 4 7 |  7.4
Throwing       | 1 |  1.0
Stealth        | |  0.9

Action                   |  1- 3 |  4- 6 |  7- 9 || total
-------------------------+-------+-------+-------++-------
Melee: Hand axe          |   145 |    78 |       ||   223
       Headbutt          |    25 |    12 |    23 ||    60
       Punch             |     1 |       |       ||     1
       Halberd           |       |       |   173 ||   173
Throw: Boomerang         |       |       |     8 ||     8
       Javelin           |       |       |     2 ||     2
Invok: Berserk           |       |     1 |     5 ||     6
  Use: Scroll            |     4 |       |       ||     4
       Potion            |       |       |     1 ||     1
Armor: Animal skin       |    25 |       |       ||    25
       Plate armour      |     3 |    33 |   116 ||   152
Dodge: Dodged            |    59 |    23 |    80 ||   162

Table legend: (Time is in decaauts)
 A = Elapsed time spent in this place.
 B = Non-inter-level travel time spent in this place.
 C = Inter-level travel time spent in this place.
 D = Time resting spent in this place.
 E = Time spent auto-exploring this place.
 F = Levels seen in this place.
 G = Mean time per level.
                   A        B        C        D        E       F      G
               +--------+--------+--------+--------+--------+-----+--------+
         Total |   6056 |   5795 |    261 |    600 |   4305 |   5 | 1211.2 |
       Dungeon |   6056 |   5795 |    261 |    600 |   4305 |   5 | 1211.2 |
               +--------+--------+--------+--------+--------+-----+--------+

Top non-repeatable levels by time:
     D:3: 2077 daAuts
     D:4: 1447 daAuts
     D:1: 1408 daAuts
     D:2: 901 daAuts
     D:5: 221 daAuts
